Unix NetHack Version 3.7.0-101 Work-in-progress - last build Mar 4 2024 02:26:32 (3c4ac04b664b9ee0831c739617f054b5b60dbfd1,branch:master). Game began 2024-03-07 14:16:30, ended 2024-03-07 17:04:29. MalkMcJorma, chaotic male elven Ranger --- --- ---- --.--- ----- ---.| ----|..-- |..%.-- --.|.-- ---- |...| |..--...| |.%...| |......| |..| |...-- ---......-- |.|...---.....-- |..| ---..-- |........| --.|.|.........| --.| |...| |.....---- |..|.--.....--- . |.| --.^-- #-...| |.-|..|....-- -.0.......|-.-- ..-- .---. |.|----...-----[-..---- |.|--......------ |.........||..| ...--..|.- |.||.........<........---(| --..........---------%.--.....--..----......@.-- |.||......................###......--..........""%.[.....%..............Z..| |.-|...........---------..| --......---.---------.----.|......-----.....)..| |..|-..........| |.-- |.......---- |.- ----.---.. ---...... --.--.----.....| |.| |-.......-- |. --- -- |..... |....| --..--- --...*.....| |.. --..--- ---- |..........---- |...| --............| |..-- --...|.......| ---- |..---.------ -- - MalkMcJorma the Trailblazer St:12 Dx:12 Co:16 In:15 Wi:14 Ch:7 Chaotic Dlvl:8 $:132 HP:0(52) Pw:38(38) AC:3 Xp:8/2469 T:7088 Latest messages: S - 5 uncursed arrows (in quiver) (9 in total). You are stuck to the web. You are stuck to the web. You disentangle yourself. In what direction? The arrow hits the quasit. The quasit hits! The quasit misses! The quasit just misses! The quasit just misses! The quasit hits! The quasit misses! In what direction? You shoot 4 arrows. The 1st arrow hits the quasit! The 2nd arrow hits the quasit! The 3rd arrow hits the quasit! You kill the quasit! In what direction? You shoot 2 arrows. The 1st arrow hits the giant ant! You kill the giant ant! S - 3 uncursed arrows (in quiver) (5 in total). z - a scroll labeled TEMOV. You see here 2 uncursed arrows. S - 2 uncursed arrows (in quiver) (7 in total). What do you want to wield? [- a-cixS or ?*] a - an uncursed +1 elven dagger named Sting (weapon in right hand). b - an uncursed +1 elven bow (alternate weapon; not wielded). What do you want to ready? [- $ciS or ?*] i - 17 uncursed daggers (at the ready). You step onto a polymorph trap! You feel a change coming over you. You shudder for a moment. In what direction? The dagger hits the ettin zombie. In what direction? The dagger hits the ettin zombie. The ettin zombie hits! The ettin zombie knocks you backward with a forceful blow! In what direction? The dagger hits the ettin zombie. In what direction? The dagger hits the ettin zombie. The ettin zombie hits! The ettin zombie hits again! The ettin zombie knocks you back with a powerful strike! Ouch! Elf, all your powers will be lost... You die... Inventory: Coins ('$') $ - 132 gold pieces Weapons (')') S - 7 uncursed +0 arrows c - 29 uncursed +2 elven arrows b - an uncursed +1 elven bow (alternate weapon; not wielded) i - 13 uncursed +0 daggers (at the ready) a - the uncursed +1 Sting (weapon in right hand) Armor ('[') W - an uncursed greased +0 dwarvish iron helm (being worn) X - an uncursed +0 pair of iron shoes (being worn) e - an uncursed greased +2 elven cloak (being worn) Comestibles ('%') u - an uncursed egg y - an uncursed lizard corpse Scrolls ('?') z - an uncursed scroll of teleportation Wands ('/') v - an uncursed wand of digging (0:3) Tools ('(') r - an uncursed sack containing 8 items w - an uncursed brass lantern (lit) j - a blessed oil lamp x - an uncursed +0 pick-axe H - an uncursed skeleton key Contents of the sack: 64 gold pieces an uncursed carrot 4 uncursed food rations 5 uncursed lembas wafers a cursed tripe ration an uncursed scroll of identify an uncursed scroll of light an uncursed scroll of punishment MalkMcJorma the Ranger's attributes: Background: You were a Trailblazer, a level 8 male elven Ranger. You were chaotic, on a mission for Mars who was opposed by Mercury (lawful) and Venus (neutral). You were right-handed. You were in the Gnomish Mines, on level 8. You entered the dungeon 7088 turns ago. You had 2469 experience points, 91 more were needed to attain level 9. Basics: You had 0 out of 52 hit points. You had all 38 energy points (spell power). Your armor class was 3. Your wallet contained 132 zorkmids, and you had 64 more stashed away in your pack. Autopickup was off. Final Characteristics: Your strength was 12 (peak:14, limit:18). Your dexterity was 12 (limit:18). Your constitution was 16 (limit:16). Your intelligence was 15 (limit:20). Your wisdom was 14 (limit:20). Your charisma was 7 (limit:18). Final Status: You weren't hungry. You were unencumbered. You were wielding a dagger. You had basic skill with dagger. Final Attributes: You were piously aligned. You were cold resistant. You were sleep resistant. You were poison resistant. You were aware of the presence of orcs. You had automatic searching. You had infravision. You were stealthy. You were warded. You are dead. Miscellaneous: You disabled loading of bones levels. Total elapsed playing time was 2 hours, 47 minutes and 58 seconds. Major events: Turn 1: MalkMcJorma the chaotic male elven Ranger entered the dungeon 1: became literate by naming Sting 681: attained the rank of Lookout (level 3) 1085: entered the Gnomish Mines 1874: reached Mine Town 2078: attained the rank of Trailblazer (level 6) 7088: killed by an ettin zombie, while moving through the air Vanquished creatures: 2 small mimics a leather golem a giant beetle a quivering blob a cockatrice 5 wolves a winter wolf cub a lynx a spotted jelly 2 leprechauns a giant spider a gnome ruler a gold golem a werewolf a lizard a dingo a blue jelly a raven a rope golem a quasit a wood nymph a water nymph an orc shaman 3 rock moles a pony a fog cloud 2 yellow lights a violet fungus 10 gnome leaders 6 gnomish wizards 2 kobold mummies a gray ooze an elf zombie a paper golem 11 giant ants 3 little dogs a floating eye a kitten 10 dwarves a homunculus 6 rothes a rabid rat a dwarf zombie a wererat 2 iguanas 3 acid blobs a coyote a gas spore a hobbit 10 manes a hobgoblin 5 giant rats a cave spider a brown mold a red mold 45 gnomes 2 gnome zombies 6 geckos 8 jackals 3 foxes 2 goblins 8 sewer rats 4 grid bugs 2 bats 4 lichens 2 kobold zombies 5 newts 212 creatures vanquished. No species were genocided or became extinct. Voluntary challenges: You read items or engraved 13 times. You engraved Elbereth 3 times. You never genocided any monsters. You never polymorphed an object. You used no wishes. Achievements: You attained the rank of Lookout. You entered the Gnomish Mines. You entered Minetown. You entered a temple. You attained the rank of Trailblazer. You entered a shop. The Dungeons of Doom: levels 1 to 5 Level 1: A fountain. Level 2: A fountain. Stairs down to The Gnomish Mines. Level 3: A fountain. Level 4: A fountain. Level 5: A fountain. The Gnomish Mines: levels 3 to 8 Level 3: Level 4: Level 5: A temple and an altar, some fountains. Level 6: Level 7: Level 8: <- You were here. Final resting place for you, killed by an ettin zombie, while moving through the air. Game over: ---------- / \ / REST \ / IN \ / PEACE \ / \ | MalkMcJorma | | 196 Au | | killed by an | | ettin zombie | | | | | | 2024 | *| * * * | * _________)/\\_//(\/(/\)/\//\/|_)_______ Goodbye MalkMcJorma the Ranger... You died in The Gnomish Mines on dungeon level 8 with 10443 points, and 196 pieces of gold, after 7088 moves. You were level 8 with a maximum of 52 hit points when you died.